 Dungeon Crawl Stone Soup version 0.28-a0-616-gdeb3d7f7b4 (webtiles) character file.

Game seed: 16211878710465437540

8 KristoblXynda the Slasher (level 2, -5/25 HPs)
             Began as a Draconian Gladiator on Oct 6, 2021.
             Succumbed to a gnoll's poison
             ... on level 1 of the Dungeon.
             The game lasted 00:00:14 (101 turns).

KristoblXynda the Slasher (Draconian Gladiator)      Turns: 101, Time: 00:00:15

Health: -5/25      AC:  4    Str: 16    XL:     2   Next: 0%
Magic:  2/2        EV: 12    Int:  8    God:
Gold:   5          SH:  0    Dex: 12    Spells: 1/1 levels left

rFire   . . .      SeeInvis .   a - +0 long sword
rCold   . . .      Faith    .   (no shield)
rNeg    . . .      Spirit   .   (armour unavailable)
rPois   .          Reflect  .   b - +0 hat
rElec   .          Harm     .   (no cloak)
rCorr   .          Rampage  .   (no gloves)
Will    .....                   (no boots)
Stlth   +.........              (no amulet)
HPRegen 0.08/turn               (no ring)
MPRegen 0.08/turn               (no ring)

@: lethally poisoned (-5 -> -32)
A: AC +4, unfitting armour, cold-blooded
a: no special abilities


You were on level 1 of the Dungeon.
You visited 1 branch of the dungeon, and saw 1 of its levels.

You collected 5 gold pieces.

Inventory:

Hand Weapons
 a - a +0 long sword (weapon)
Missiles
 c - 3 throwing nets (quivered)
Armour
 b - a +0 hat (worn)


   Skills:
 + Level 2.4 Fighting
 + Level 3.1 Long Blades
 + Level 2.0 Throwing
 + Level 2.8 Dodging


You had one spell level left.
You didn't know any spells.
Your spell library was empty.

Dungeon Overview and Level Annotations

Branches:
Dungeon (1/15)

Altars:

Shops:
D:1 *


Innate Abilities, Weirdness & Mutations

Your plain brown scales are hard. (AC +4)
You cannot fit into any form of body armour.
You are cold-blooded and may be slowed by cold attacks.


Message History

The hobgoblin shouts!
You hit the frilled lizard.
The frilled lizard is heavily wounded.
The frilled lizard bites you but does no damage.
The frilled lizard bites you.
There are monsters nearby!
There are monsters nearby!
You closely miss the frilled lizard. You tail-slap the frilled lizard.
You kill the frilled lizard!
A gnoll comes into view. It is wielding a +3 spear of venom.
You closely miss the hobgoblin.
The hobgoblin hits you but does no damage.
You hit the hobgoblin.
You kill the hobgoblin!
The goblin hits you but does no damage.
You closely miss the goblin.
Your tail-slap misses the goblin.
The goblin barely misses you.
You hit the goblin.
You kill the goblin!
You barely miss the hobgoblin. The hobgoblin hits you.
The gnoll hits you from afar with a +3 spear of venom.
You are poisoned.
The hobgoblin barely misses you.
You completely miss the hobgoblin. You tail-slap the hobgoblin.
The hobgoblin is moderately wounded.
You feel sick.
The gnoll hits you from afar with a +3 spear of venom.
You are lethally poisoned!
The hobgoblin hits you but does no damage.
You hit the hobgoblin.
You kill the hobgoblin!
You feel very sick. The gnoll closely misses you.
The gnoll hits you from afar with a +3 spear of venom.
* * * LOW HITPOINT WARNING * * *
You are more poisoned.
Your Throwing skill increases to level 2!
You have reached level 2!
You aren't carrying any potions.
You die...

....(. ..?..> ......
....?. ...... #
......####.##### #######
##†@..g.....
#.....########..###..####
#.....##...†...## ..#
#....^...####### .#
#.....#### .#
#........##### #
#.....##.....###
#(.....#####...#
#++++++#####..##


You could see a gnoll.

Vanquished Creatures
  An endoplasm (D:1)
  A goblin (D:1)
  2 hobgoblins (D:1)
  A quokka (D:1)
  A frilled lizard (D:1)
  A rat (D:1)
7 creatures vanquished.

Notes
Turn   | Place    | Note
-------+----------+-------------------------------------------
     0 | D:1      | KristoblXynda the Draconian Gladiator began the quest for
                  | the Orb.
     0 | D:1      | Reached XP level 1. HP: 17/17 MP: 1/1
     2 | D:1      | Found Vavoof's General Store.
   101 | D:1      | Reached XP level 2. HP: 1/25 MP: 2/2
   101 | D:1      | Succumbed to a gnoll's poison

Illustrated notes

Levels and vault maps discovered:
D:1:      lightli_arrival_maybe_door_vault, layout_rooms, serial_shops,
          nicolae_square_shop, serial_bayou_pond_c

Skill      XL: |  1 |
---------------+----+-----
Throwing       | 2 |  2.0
Fighting       | |  2.4
Long Blades    | |  3.1
Dodging        | |  2.8

Action                   || total
-------------------------++-------
Melee: Long sword        ||    17
       Tailslap          ||     2
 Stab: Sleeping          ||     1
Armor: Skin              ||     6
Dodge: Dodged            ||     8

Table legend: (Time is in decaauts)
 A = Elapsed time spent in this place.
 B = Non-inter-level travel time spent in this place.
 C = Inter-level travel time spent in this place.
 D = Time resting spent in this place.
 E = Time spent auto-exploring this place.
 F = Levels seen in this place.
 G = Mean time per level.
                   A        B        C        D        E       F      G
               +--------+--------+--------+--------+--------+-----+--------+
         Total |    105 |    105 |      0 |      0 |     68 |   1 |  105.0 |
       Dungeon |    105 |    105 |      0 |      0 |     68 |   1 |  105.0 |
               +--------+--------+--------+--------+--------+-----+--------+

Top non-repeatable levels by time:
     D:1: 105 daAuts
